 Dungeon Crawl Stone Soup version 0.23.1 (webtiles) character file.

Game seed: 7545969339446850418

85 Borgoz the Sneak (level 4, 0/35 HPs)
             Began as a Ghoul Enchanter on Mar 3, 2019.
             Slain by a gnoll
             ... wielding a +0 spear
              (7 damage)
             ... on level 2 of the Dungeon.
             The game lasted 00:02:57 (1290 turns).

Borgoz the Sneak (Ghoul Enchanter)                  Turns: 1290, Time: 00:02:58

Health: 0/35       AC:  2    Str: 11    XL:     4   Next: 48%
Magic:  5/5        EV: 12    Int: 10    God:
Gold:   130        SH:  0    Dex:  8    Spells: 5/6 levels left

rFire    . . .     SeeInvis .   m - +1 rapier
rCold    + . .     Gourm    .   (no shield)
rNeg     + + +     Faith    .   b - +0 robe
rPois    ∞         Spirit   .   (no helmet)
rElec    .         Reflect  .   (no cloak)
rCorr    .         Harm     .   (no gloves)
MR       .....                  (no boots)
Stlth    ++........             (no amulet)
HPRegen  0.00/turn              a - -2 ring of dexterity (curse)
MPRegen  0.09/turn              (no ring)

@: rotting
A: rotting body, claws 1, carnivore, cold resistance 1, negative energy
resistance 3, inhibited regeneration, torment resistance, unbreathing
a: no special abilities


You were on level 2 of the Dungeon.
You were not hungry.

You visited 1 branch of the dungeon, and saw 2 of its levels.

You collected 130 gold pieces.

Inventory:

Hand Weapons
 m - a +1 rapier (weapon)
Armour
 b - a +0 robe (worn)
Jewellery
 a - a cursed -2 ring of dexterity (left claw)
Scrolls
 c - a scroll of magic mapping
 f - a scroll of remove curse {unknown}
 h - 2 scrolls of identify
Potions
 e - a potion of lignification {unknown}
 i - a potion of curing {unknown}
 k - 2 potions of agility
 l - a potion of haste {unknown}
Comestibles
 d - 2 rations
 g - a chunk of flesh


   Skills:
 + Level 1.2 Fighting
 + Level 1.6 Short Blades
 + Level 2.3 Dodging
 + Level 4.2 Stealth
 + Level 1.9 Spellcasting
 + Level 2.9 Hexes


You had 5 spell levels left.
You knew the following spells:

 Your Spells              Type           Power        Failure   Level  Hunger
a - Corona                Hex            #......      10%         1    ##.....

Your spell library contained the following spells:

 Spells                   Type           Power        Failure   Level  Hunger
 Ensorcelled Hibernation  Hex/Ice        #.....       26%         2    ###....
 Confuse                  Hex            #.......     28%         3    ####...
 Tukima's Dance           Hex            #.......     28%         3    ####...
 Dazzling Spray           Conj/Hex       #.....       45%         3    ####...


Dungeon Overview and Level Annotations

Branches:
Dungeon (2/15)

Altars:


Innate Abilities, Weirdness & Mutations

Your body is rotting away.
You thrive on raw meat.
You are immune to poison.
You have sharp fingernails.
You are carnivorous and can eat meat at any time.
Your flesh is cold resistant. (rC+)
You are immune to negative energy. (rN+++)
You do not regenerate when monsters are visible.
You are immune to unholy pain and torment.
You can survive without breathing.


Message History

You eat one of the 5 chunks of flesh.
This raw flesh tastes great!
The gnoll hits you with a +0 whip. The gnoll hits you but does no damage.
Eat one of 4 chunks of flesh? (ye/n/q)
You eat one of the 4 chunks of flesh.
This raw flesh tastes great!
The gnoll hits you with a +0 whip.
The gnoll hits you from afar with a +0 spear.
Eat one of 3 chunks of flesh? (ye/n/q)
You eat one of the 3 chunks of flesh.
This raw flesh tastes great!
The gnoll hits you with a +0 whip.
The gnoll hits you from afar with a +0 spear.
Eat one of 2 chunks of flesh? (ye/n/q)
You eat one of the 2 chunks of flesh.
This raw flesh tastes great!
The gnoll hits you with a +0 whip!
The gnoll hits you from afar with a +0 spear.
* * * LOW HITPOINT WARNING * * *
You hit the gnoll.
The gnoll is heavily wounded.
The gnoll closely misses you.
The gnoll hits you from afar with a +0 spear!
You die...

*#.,* #.## **,.,* #.##
#,,#g* #.## #.##.#*
########.## *,....#*
#....>..... ****...*
###......#. #.#.####
#####..#. #...gg.#
##... ##.###@# #.##
#,**#.##### #.##
*,,*#.....#########...
**,*#####.............
*,** ####...)....#.
*,,* #.......... **,*
#.........# *,**
#........## *,,**
##########


You could see 2 gnolls.

Vanquished Creatures
  Jessica (D:2)
  An adder (D:2)
  2 oozes
  A worm (D:2)
  A leopard gecko (D:1)
  An orc (D:2)
  3 giant cockroaches
  2 goblins (D:1)
  6 hobgoblins
  4 bats
  4 frilled lizards
  7 kobolds
  8 rats
41 creatures vanquished.

Notes
Turn   | Place    | Note
-------+----------+-------------------------------------------
     0 | D:1      | Borgoz the Ghoul Enchanter began the quest for the Orb.
     0 | D:1      | Reached XP level 1. HP: 14/14 MP: 2/2
    39 | D:1      | Reached XP level 2. HP: 11/20 MP: 3/3
   818 | D:1      | Reached XP level 3. HP: 19/27 MP: 4/4
   920 | D:2      | Noticed Jessica
   927 | D:2      | Killed Jessica
   927 | D:2      | Reached skill level 1 in Short Blades
   927 | D:2      | Reached skill level 4 in Stealth
   941 | D:2      | Reached skill level 1 in Fighting
   960 | D:2      | Reached XP level 4. HP: 26/34 MP: 5/5
  1290 | D:2      | Slain by a gnoll

Skill      XL: |  1  2  3 |
---------------+----------+-----
Short Blades   | 1 |  1.6
Dodging        | 2 |  2.3
Stealth        | 4 |  4.2
Fighting       | 1 |  1.2
Spellcasting   | |  1.9
Hexes          | |  2.9

Action                   |  1- 3 |  4- 6 || total
-------------------------+-------+-------++-------
Melee: Dagger            |     8 |       ||     8
       Short sword       |    88 |     7 ||    95
       Rapier            |       |    42 ||    42
  Use: Scroll            |       |     5 ||     5
 Stab: Sleeping          |     3 |     2 ||     5
  Eat: Chunk             |     7 |    13 ||    20
Armor: Robe              |    18 |     7 ||    25
Dodge: Dodged            |    60 |    24 ||    84
